 Dungeon Crawl Stone Soup version 0.29-a0-330-g52719c12eb (webtiles) character file.

Game seed: 16612628815617716869

35 Anon1729 the Ducker (level 3, 0/30 HPs)
             Began as a Merfolk Monk on May 24, 2022.
             Killed from afar by Sigmund (5 damage)
             ... with a puff of flame
             ... on level 2 of the Dungeon.
             The game lasted 00:01:58 (1838 turns).

Anon1729 the Ducker (Merfolk Monk)                  Turns: 1838, Time: 00:01:59

Health: 0/30       AC:  3    Str: 11    XL:     3   Next: 33%
Magic:  3/3        EV: 14    Int:  9    God:
Gold:   55         SH:  0    Dex: 18    Spells: 2/2 levels left

rFire   . . .      SeeInvis .   a - +0 falchion
rCold   . . .      Faith    .   (no shield)
rNeg    . . .      Spirit   .   b - +0 robe
rPois   .          Reflect  .   (no helmet)
rElec   .          Harm     .   (no cloak)
rCorr   .          Rampage  .   (no gloves)
Will    .....                   e - +0 pair of boots
Stlth   +.........              (no amulet)
HPRegen 0.10/turn               (no ring)
MPRegen 0.08/turn               (no ring)

@: confused, brilliant
A: (nimble swimmer 2), mertail
a: no special abilities


You were on level 2 of the Dungeon.
You visited 1 branch of the dungeon, and saw 2 of its levels.

You collected 55 gold pieces.

Inventory:

Hand Weapons
 a - a +0 falchion (weapon)
Armour
 b - a +0 robe (worn)
 e - a +0 pair of boots (worn)
Wands
 h - a wand of acid (1)
Scrolls
 d - a scroll of fear {unknown}
 g - a scroll of holy word {unknown}


   Skills:
 + Level 3.7 Fighting
 + Level 4.1 Long Blades
 + Level 4.5 Dodging
 + Level 2.9 Stealth


You had 2 spell levels left.
You didn't know any spells.
Your spell library was empty.

Dungeon Overview and Level Annotations

Branches:
Dungeon (2/15)

Altars:

Annotations:
D:2 Sigmund


Innate Abilities, Weirdness & Mutations

((You are very nimble when in or above water. (Stealth+, EV+, Speed+++)))
Your lower body shifts to a powerful aquatic tail in water.


Message History

You hit something.
You hear some strange, mumbled words.
You are confused.
You completely miss something.
You hear some strange, mumbled words.
A puff of flame appears from out of thin air!
The puff of flame hits you!
A magic dart appears from out of thin air!
The magic dart hits you! Something completely misses you.
You hear some strange, mumbled words.
A magic dart appears from out of thin air!
The magic dart hits you!
* * * LOW HITPOINT WARNING * * *
You are more confused.
You feel invigorated.
You hear some strange, mumbled words.
You are more confused.
It was a potion of brilliance.
You feel clever all of a sudden.
You hear some strange, mumbled words.
You are more confused.
You miss something. Something hits you!
* * * LOW HITPOINT WARNING * * *
You feel less invigorated.
You hear some strange, mumbled words.
You are more confused.
Something hits you. Something hits you!
* * * LOW HITPOINT WARNING * * *
You aren't carrying any potions.
You are too confused!
You are too confused!
You are too confused!
Unknown command.
Unknown command.
Something hits you but does no damage.
A puff of flame appears from out of thin air!
The puff of flame hits you.
You die...

###.###....#..#..#.....#
#.#
###.###...###...###.....
..#
...........#.....#.....##
.##.###................###
...........>.............
.##.###........##.#....##
###.# #...#.#..........# #
#.# #.....#..##.#...<####
# ..#
#.........@.........# #
..#
#............{...#######
....#
#...#.....##..<........#
.....
....#....####....#####.# .
. #................ ..
...................
..#....####...######
###.... #...# .....


There were no monsters in sight!

Vanquished Creatures
  A worm (D:1)
  3 dart slugs (D:1)
  3 endoplasms (D:1)
  3 goblins (D:1)
  3 hobgoblins
  A quokka (D:1)
  2 ball pythons (D:1)
  5 frilled lizards (D:1)
  3 kobolds (D:1)
  2 rats (D:1)
26 creatures vanquished.

Vanquished Creatures (others)
  2 plants (D:1)
2 creatures vanquished.

Grand Total: 28 creatures vanquished

Notes
Turn   | Place    | Note
-------+----------+-------------------------------------------
     0 | D:1      | Anon1729 the Merfolk Monk began the quest for the Orb.
     0 | D:1      | Reached XP level 1. HP: 18/18 MP: 1/1
   223 | D:1      | Reached XP level 2. HP: 8/24 MP: 2/2
   912 | D:1      | Reached XP level 3. HP: 29/29 MP: 3/3
   973 | D:1      | Found a faded altar of an unknown god.
  1554 | D:2      | Noticed Sigmund
  1838 | D:2      | Killed from afar by Sigmund

Illustrated notes

Levels and vault maps discovered:
D:1:      eino_arrival_tree_alley, layout_rooms, serial_forest,
          infiniplex_forest_clump_double, infiniplex_forest_clump_tiny,
          infiniplex_forest_lined_corner, infiniplex_forest_straight_2,
          infiniplex_forest_zigzag_1, infiniplex_forest_straight_3,
          infiniplex_forest_clump_C, infiniplex_forest_clump_curved,
          hellmonk_ecumenical_altar_heavens_door, kennysheep_doodads,
          minivault_27, chequers_arboretum, st_stairs_4, grunt_decor_clamped
D:2:      layout_basic, minmay_strange_pillars, kennysheep_generic_room_6,
          uniq_sigmund

Skill      XL: |  1  2 |
---------------+-------+-----
Long Blades    | 4 |  4.1
Fighting       | |  3.7
Dodging        | |  4.5
Stealth        | |  2.9

Action                   || total
-------------------------++-------
Melee: Falchion          ||    90
Evoke: Wand              ||     1
  Use: Potion            ||     2
 Stab: Sleeping          ||     6
Armor: Robe              ||    11
Dodge: Dodged            ||    51

Table legend: (Time is in decaauts)
 A = Elapsed time spent in this place.
 B = Non-inter-level travel time spent in this place.
 C = Inter-level travel time spent in this place.
 D = Time resting spent in this place.
 E = Time spent auto-exploring this place.
 F = Levels seen in this place.
 G = Mean time per level.
                   A        B        C        D        E       F      G
               +--------+--------+--------+--------+--------+-----+--------+
         Total |   1848 |   1771 |     77 |    503 |   1019 |   2 |  924.0 |
       Dungeon |   1848 |   1771 |     77 |    503 |   1019 |   2 |  924.0 |
               +--------+--------+--------+--------+--------+-----+--------+

Top non-repeatable levels by time:
     D:1: 1716 daAuts
     D:2: 132 daAuts
